 Dungeon Crawl Stone Soup version 0.27.1-3-gb3d3a73c9e (webtiles) character file.

Game seed: 7594937899104221119

1834 ABBCCCDDDD the Skirmisher (level 9, -3/94 HPs)
             Began as an Octopode Enchanter on Oct 7, 2021.
             Was an Initiate of Gozag.
             Slain by a killer bee (4 damage)
             ... on level 7 of the Dungeon.
             The game lasted 00:18:43 (8219 turns).

ABBCCCDDDD the Skirmisher (Octopode Enchanter)      Turns: 8219, Time: 00:18:43

Health: -3/94      AC: 24    Str: 13    XL:     9   Next: 11%
Magic:  13/13      EV:  2    Int: 20    God:    Gozag
Gold:   342        SH:  0    Dex: 13    Spells: 7/14 levels left

rFire    + . .     SeeInvis .   a - +1 dagger
rCold    . . .     Faith    .   (no shield)
rNeg     + + +     Spirit   .   (helmet currently unavailable)
rPois    +         Reflect  .   k - amulet of regeneration
rElec    .         Harm     .   e - ring of resist corrosion
rCorr    +         Rampage  .   f - +4 ring of evasion
Will     .....     NoTele   +   r - ring of protection from fire
Stlth    +++.......             v - +6 ring of strength
HPRegen  1.25/turn              (no ring)
MPRegen  0.13/turn              (no ring)
                                (no ring)
                                (no ring)

@: tree-form
A: stationary, stasis, torment immunity, boosted hp, almost no armour,
(amphibious), 8 rings, (camouflage 1), (gelatinous body 1), (nimble swimmer 1),
(tentacles)
a: Renounce Religion, Potion Petition, Call Merchant, Bribe Branch


You were on level 7 of the Dungeon.
You worshipped Gozag.
Gozag was aware of your devotion.
You were a tree.
You visited 2 branches of the dungeon, and saw 9 of its levels.

You collected 487 gold pieces.
You paid 145 gold pieces to Gozag.

Inventory:

Hand Weapons
 a - a +1 dagger (weapon)
 u - a +0 rapier
Missiles
 c - 2 curare-tipped darts
Magical Staves
 s - a staff of conjuration
Jewellery
 e - a ring of resist corrosion (left branch)
 f - a +4 ring of evasion (right branch)
 i - an amulet of the acrobat
 k - an amulet of regeneration (around neck)
 p - an amulet of guardian spirit
 r - a ring of protection from fire (on tentacle)
 v - a +6 ring of strength (on tentacle)
Scrolls
 b - 3 scrolls of magic mapping
 h - 3 scrolls of amnesia
 j - 2 scrolls of enchant armour
 l - a scroll of fog {unknown}
 m - a scroll of teleportation {unknown}
 t - a scroll of immolation {unknown}
Potions
 d - a potion of flight
 o - a potion of brilliance {unknown}
 q - 2 potions of curing
 w - a potion of heal wounds {unknown}


   Skills:
 + Level 6.8 Fighting
 - Level 1.9 Short Blades
 - Level 2.0 Dodging
 - Level 5.0 Stealth
 + Level 3.2 Spellcasting
 + Level 6.1 Hexes
 - Level 4.0 Ice Magic
 - Level 2.0 Air Magic
 + Level 4.3 Poison Magic


You had 7 spell levels left.
You knew the following spells:

 Your Spells              Type           Power      Damage    Failure   Level
a - Corona                Hex            31%        N/A       1%          1
b - Ensorcelled Hibernat  Hex/Ice        46%        N/A       2%          2
c - Poisonous Vapours     Pois/Air       32%        N/A       5%          2
d - Slow                  Hex            28%        N/A       1%          2

Your spell library contained the following spells:

 Spells                   Type           Power      Damage    Failure   Level
 Confusing Touch          Hex            28%        N/A       3%          3
 Tukima's Dance           Hex            28%        N/A       3%          3
 Sting                    Tmut/Pois      48%        1d5       5%          1
 Shock                    Conj/Air       28%        1d4       10%         1
 Dazzling Flash           Conj/Hex       30%        N/A       12%         3
 Summon Guardian Golem    Hex/Summ       15%        N/A       12%         3
 Summon Small Mammal      Summ           12%        N/A       14%         1
 Swiftness                Air            11%        N/A       19%         3
 Olgreb's Toxic Radiance  Pois           20%        N/A       22%         4
 Call Canine Familiar     Summ           3%         N/A       38%         3
 Gell's Gravitas          Tloc           1%         N/A       38%         3
 Lesser Beckoning         Tloc           1%         N/A       38%         3
 Teleport Other           Tloc           3%         N/A       38%         3
 Vampiric Draining        Necr           1%         2d6       38%         3
 Airstrike                Air            5%         N/A       52%         4


Dungeon Overview and Level Annotations

Branches:
Dungeon (8/15)             Temple (1/1) D:7
   Lair: D:8-11

Altars:
Ashenzari
Cheibriados
Dithmenos
Fedhas
Gozag
Hepliaklqana
Kikubaaqudgha
Makhleb
Nemelex Xobeh
Qazlal
Ru
Vehumet
Xom
Yredelemnul

Annotations:
D:2 exclusion: 4 doors
D:3 exclusion: 3 doors
D:5 exclusion: troll, Eustachio
D:6 exclusion: komodo dragon
D:7 exclusion: killer bee
D:8 exclusion: death yak, Prince Ribbit


Innate Abilities, Weirdness & Mutations

You are a tree.
Your roots penetrate the ground, keeping you stationary.
You cannot be teleported.
You are immune to unholy pain and torment.
Your maximum health is greatly increased.
You cannot wear most types of armour.
((You are amphibious.))
You can wear up to eight rings at the same time.
((Your skin changes colour to match your surroundings (Stealth+).))
((Your rubbery body absorbs attacks. (AC +1, EV +1)))
((You are camouflaged near water. (Stealth+)))
((You have tentacles for arms and can constrict up to eight enemies at once.))


Message History

The centaur shouts!
The killer bee stings you!
* * * LOW HITPOINT WARNING * * *
The killer bee stings you but does no damage. x2
The wyvern skeleton bites you but does no damage.
The killer bee stings you but does no damage.
The killer bee barely misses you.
The wyvern skeleton bites you but does no damage.
The killer bee barely misses you.
You feel sick.
The killer bee stings you but does no damage. x2
The killer bee stings you.
* * * LOW HITPOINT WARNING * * *
The killer bee stings you but does no damage. x2
The wyvern skeleton bites you!
* * * LOW HITPOINT WARNING * * *
The killer bee stings you.
* * * LOW HITPOINT WARNING * * *
You feel sick.
You are no longer poisoned.
The killer bee stings you.
* * * LOW HITPOINT WARNING * * *
The killer bee barely misses you.
The killer bee stings you but does no damage.
The killer bee barely misses you. The killer bee stings you.
* * * LOW HITPOINT WARNING * * *
The wyvern skeleton bites you but does no damage.
The killer bee completely misses you.
You feel less invigorated.
You feel less confused.
The killer bee stings you but does no damage.
The killer bee barely misses you.
The killer bee stings you but does no damage.
The wyvern skeleton completely misses you.
The killer bee stings you but does no damage.
The killer bee stings you.
* * * LOW HITPOINT WARNING * * *
The killer bee stings you.
You die...
Your body crumbles into a pile of gold.

#..............###
##.......#.......#.
##y.#####.....###.........
#..5......$..## #........
..y......###..# ##........
.##.....## #..# #.........
###...# #..###c....# ##.##
##...#yy....# #.
##....#♣y...## ..
#.......Z...#
#....^..........##
......###....# #...###
##..## #.## #.## ###


You could see a centaur, 3 killer bees and a wyvern skeleton.

Levels and vault maps discovered:
D:1:      matt_arrival_spirals, layout_loops_ring, basic_ecumenical_altar
D:2:      layout_loops_corners, basic_altar, chequers_serial_rivers_large_a,
          amcnicky_mini_rare_corridor_liquid, bh_walls_and_bars
D:3:      layout_rooms, slow_altar_2, kennysheep_doodads
D:4:      layout_gridville, mainiacjoe_overflow_catwalk,
          evilmike_ruin_ashenzari, minmay_cupped
D:5:      layout_gridville, uniq_eustachio
D:6:      old_forge, layout_basic
D:7:      layout_layer_cave, old_standard_altar, minmay_temple_entry_grid
D:8:      layout_loops_cross, mainiacjoe_overflow_small_starburst,
          dpeg_lair_monsters, kennysheep_generic_room_2, uniq_prince_ribbit1
Temple:   regret_index_temple_sphere_string

Notes
Turn   | Place    | Note
-------+----------+-------------------------------------------
     0 | D:1      | ABBCCCDDDD the Octopode Enchanter began the quest for the
                  | Orb.
     0 | D:1      | Reached XP level 1. HP: 11/11 MP: 3/3
   551 | D:1      | Reached XP level 2. HP: 10/18 MP: 5/5
   997 | D:1      | Found a faded altar of an unknown god.
  1058 | D:1      | You fall into a shaft and drop 1 floor!
  1229 | D:2      | Learned a level 2 spell: Ensorcelled Hibernation
  1244 | D:2      | Found a shimmering altar of Xom.
  1352 | D:2      | Reached skill level 1 in Fighting
  1542 | D:1      | Reached XP level 3. HP: 23/23 MP: 6/6
  2986 | D:3      | Reached XP level 4. HP: 28/28 MP: 7/7
  3035 | D:3      | Noticed a water moccasin
  3053 | D:3      | Found a snail-covered altar of Cheibriados.
  3293 | D:3      | Reached skill level 5 in Stealth
  3642 | D:4      | Noticed a scorpion
  3645 | D:4      | Killed a scorpion
  3646 | D:4      | Reached skill level 1 in Ice Magic
  3646 | D:4      | Reached XP level 5. HP: 34/34 MP: 8/8
  4063 | D:4      | Found a sacrificial altar of Ru.
  4128 | D:4      | Found a broken altar of Ashenzari.
  4439 | D:4      | Reached XP level 6. HP: 41/41 MP: 6/9
  4943 | D:5      | Entered Level 5 of the Dungeon
  5270 | D:5      | Noticed Eustachio
  5310 | D:5      | Noticed a troll
  5686 | D:6      | Reached XP level 7. HP: 38/46 MP: 11/11
  5742 | D:6      | Learned a level 2 spell: Poisonous Vapours
  5930 | D:6      | Noticed a gargoyle
  6101 | D:6      | Reached skill level 1 in Poison Magic
  6104 | D:6      | Reached skill level 5 in Hexes
  6104 | D:6      | Reached skill level 1 in Air Magic
  6135 | D:6      | Found the +7 Singing Sword {vorpal, sonic wave}
  6239 | D:6      | Reached XP level 8. HP: 54/54 MP: 12/12
  6334 | D:6      | Noticed a komodo dragon
  7080 | D:6      | Reached skill level 5 in Fighting
  7242 | D:7      | Found a staircase to the Ecumenical Temple.
  7254 | Temple   | Entered the Ecumenical Temple
  7264 | Temple   | Became a worshipper of Gozag Ym Sagoz the Greedy
  7268 | Temple   | Learned a level 2 spell: Slow
  7702 | D:7      | Reached XP level 9. HP: 63/63 MP: 13/13
  7830 | D:8      | Noticed Prince Ribbit
  7842 | D:8      | Found a burning altar of Makhleb.
  8065 | D:8      | Noticed a death yak
  8080 | D:8      | Noticed a death yak
  8218 | D:7      | HP: 2/94 [killer bee (4)]
  8219 | D:7      | Slain by a killer bee

Table legend: (Time is in decaauts)
 A = Elapsed time spent in this place.
 B = Non-inter-level travel time spent in this place.
 C = Inter-level travel time spent in this place.
 D = Time resting spent in this place.
 E = Time spent auto-exploring this place.
 F = Levels seen in this place.
 G = Mean time per level.
                   A        B        C        D        E       F      G
               +--------+--------+--------+--------+--------+-----+--------+
         Total |   8184 |   7701 |    483 |   2352 |   3595 |   9 |  909.3 |
       Dungeon |   8106 |   7631 |    475 |   2352 |   3543 |   8 | 1013.2 |
        Temple |     77 |     69 |      8 |      0 |     52 |   1 |   77.0 |
               +--------+--------+--------+--------+--------+-----+--------+

Top non-repeatable levels by time:
     D:1: 1444 daAuts
     D:2: 1309 daAuts
     D:3: 1108 daAuts
     D:4: 1053 daAuts
     D:6: 1016 daAuts
     D:5: 932 daAuts
     D:7: 932 daAuts
     D:8: 309 daAuts
  Temple: 77 daAuts

Table legend:
 A = Kills in this place as a percentage of kills in entire the game.
 B = Kills by you in this place as a percentage of kills by you in the entire game.
 C = Kills by friends in this place as a percentage of kills by friends in the entire game.
 D = Other kills in this place as a percentage of other kills in the entire game.
 E = Experience gained in this place as a percentage of experience gained in the entire game.
 F = Experience gained in this place divided by the number of levels of this place that you have seen.
                   A       B       C       D       E      F
               +-------+-------+-------+-------+-------+----------------------
         Total | 100.0 | 100.0 |   N/A |   N/A | 100.0 | 291.1
       Dungeon | 100.0 | 100.0 |   N/A |   N/A | 100.0 | 327.5
               +-------+-------+-------+-------+-------+----------------------

Action                   |  1- 3 |  4- 6 |  7- 9 || total
-------------------------+-------+-------+-------++-------
Melee: Dagger            |    69 |    73 |   136 ||   278
       Constrict         |    11 |    13 |    24 ||    48
       Tentacles         |     7 |    14 |    18 ||    39
 Cast: Corona            |     2 |     4 |     3 ||     9
       Ensorcelled Hiber |     3 |    12 |    23 ||    38
       Poisonous Vapours |       |       |    17 ||    17
       Slow              |       |       |     4 ||     4
  Use: Potion            |       |     4 |     2 ||     6
       Scroll            |       |     4 |     2 ||     6
 Stab: Sleeping          |    15 |    15 |    20 ||    50
Armor: Skin              |     2 |     4 |    55 ||    61
Dodge: Dodged            |    30 |    53 |   156 ||   239

Vanquished Creatures
  A sky beast (D:7)
  3 centaurs
  3 bullfrogs
  10 scorpions
  A water moccasin zombie (D:6)
  6 killer bees
  A bullfrog skeleton (D:4)
  3 hounds
  An iguana (D:6)
  An orc wizard (D:6)
  4 gnolls (D:3)
  8 adders
  2 white imps
  2 ufetubi
  An adder skeleton (D:4)
  2 worms
  A dart slug (D:1)
  9 orcs
  3 endoplasms
  4 giant cockroaches
  5 goblins
  8 hobgoblins
  4 kobolds
  2 quokkas
  6 ball pythons
  7 bats
  5 frilled lizards
  A jackal skeleton (D:4)
  6 rats
110 creatures vanquished.

Vanquished Creatures (others)
  5 fungi (D:6)
5 creatures vanquished.

Grand Total: 115 creatures vanquished
